[Event "*** Titled Tuesday Blitz"]
[Site "Chess.com"]
[Date "2020.04.14"]
[Round "9"]
[White "MaxVavulin"]
[Black "Volodar_Murzin"]
[Result "1-0"]
[WhiteElo "2578"]
[BlackElo "2675"]
[TimeControl "180+1"]
[EndTime "11:42:21 PDT"]
[Termination "MaxVavulin won by resignation"]

1. e4 c6 2. Qe2 d5 3. d3 g6 4. f4 Bg7 5. Nf3 e6 6. g3 Ne7 7.
Bg2 Nd7 8. c3 O-O 9. O-O b6 10.
Be3 Ba6 11. e5 c5 12. Nbd2 Rc8 13. Bf2 Nb8 14. g4 Nbc6 15. Bh4 Qd7 16. Bf6 Rfe8 17. Bxg7 Kxg7 18. Rad1 Rh8 19. c4 h5 20. h3 hxg4 21. hxg4 Nd4 22. Nxd4 cxd4 23. b3 Rh4 24.
Qf3 Rch8 25. Qg3 dxc4 26. dxc4 Bb7 27. Nf3 Bxf3 28. Rxf3 Qc7 29. f5 exf5 30. gxf5 Nc6 31. fxg6 fxg6 32. Rf6 R4h6 33. Rxc6 Qe7 34. e6 Rh4 35.
Rc7 1-0

[Event "*** Titled Tuesday Blitz"]
[Site "Chess.com"]
[Date "2020.04.14"]
[Round "9"]
[White "francyIM"]
[Black "Kavyev_Ruslan"]
[Result "1-0"]
[WhiteElo "2618"]
[BlackElo "2539"]
[TimeControl "180+1"]
[EndTime "11:42:21 PDT"]
[Termination "francyIM won by resignation"]

1. e4 c5 2. Nf3 d6 3. d4 cxd4 4. Nxd4 Nf6 5. Nc3 a6 6. Rg1 e5 7. Nb3 Be6 8. g4 d5 9. exd5 Nxd5 10. Nxd5 Qxd5 11. Qxd5 Bxd5 12. Be3 Nc6 13. O-O-O O-O-O 14. g5 Be6 15. Bg2 Be7 16. c3 h6 17. h4 hxg5 18. hxg5 g6 19. Be4 Rxd1+ 20. Rxd1 Rh5 21. Rg1 Nd8 22. Nd2 Bd7 23. Nc4 Be6 24. Nxe5 Bxa2 25. Bf3 Rh4 26. Bg4+ Kb8 27. Rd1 Be6 28. Bxe6 Nxe6 29.
Rd7 Bxg5 30. Rxf7 Bxe3+ 31. fxe3 Nc5 32. b4 Rh1+ 33. Kb2 Rh2+ 34. Ka3 Ne4 35. Kb3 Nd2+ 36. Ka3 Nb1+ 37. Kb3 Nd2+ 38. Ka4 Ne4 39. c4 Re2 40. c5 Rxe3 41. Nd7+ Ka7 42. c6 bxc6 43. Ne5+ Ka8 44. Nxc6 Nc3+ 45. Ka5 Nb5 46. Kxa6 1-0

[Event "*** Titled Tuesday Blitz"]
[Site "Chess.com"]
[Date "2020.04.14"]
[Round "9"]
[White "kasparicy"]
[Black "MateSchmate"]
[Result "1-0"]
[WhiteElo "2369"]
[BlackElo "2554"]
[TimeControl "180+1"]
[EndTime "11:42:21 PDT"]
[Termination "kasparicy won by resignation"]

1. e4 e6 2. d4 d5 3. Nd2 a6 4. Ngf3 Nf6 5. e5 Nfd7 6. Bd3 c5 7. c3 Nc6 8. O-O g5 9. c4 cxd4 10. cxd5 exd5 11. Nb3 g4 12. Nfxd4 Ncxe5 13. Re1 Be7 14. Nf5 O-O 15. Nxe7+ Qxe7 16. Bf5 Qf6 17. Bxg4 Kh8 18. Be3 Rg8 19. Bh3 Nf3+ 20. Kh1 Nde5 21. Bxc8 Rxg2 22. Kxg2 Rxc8 23. Bd4 Rg8+ 24. Kh1 Nxd4 25.
Nxd4 Qxf2 26. Qe2 Rg1+ 27. Rxg1 Qxd4 28. Qg2 Ng6 29. Rad1 Qxb2 30. Qxb2+ 1-0

[Event "*** Titled Tuesday Blitz"]
[Site "Chess.com"]
[Date "2020.04.14"]
[Round "9"]
[White "LittlePeasant"]
[Black "LiemLe"]
[Result "0-1"]
[WhiteElo "2830"]
[BlackElo "3007"]
[TimeControl "180+1"]
[EndTime "11:42:22 PDT"]
[Termination "LiemLe won by resignation"]

1. d4 Nf6 2. c4 e6 3. Nc3 Bb4 4. Bd2 O-O 5. e3 b6 6. Nf3 Bb7 7. Bd3 d5 8. cxd5 exd5 9. Rc1 Be7 10. Ne5 c5 11. O-O Nc6 12. Nxc6 Bxc6 13. b3 Qd7 14. Ne2 Rac8 15. Bc3 Bb7 16. Ng3 g6 17. Qe2 c4 18.
Bb1 b5 19. b4 a5 20. a3 axb4 21. axb4 Ra8 22. Qb2 Ra6 23. f3 h5 24. Rce1 h4 25. Nh1 Re6 26. Nf2 Nh5 27. e4 Ra8 28. e5 Bc8 29.
Ng4 Rea6 30. Qd2 Qd8 31. Ne3 Bg5 32. Bb2 Bf4 33. Qf2 Ng3 34. Ng4 Nxf1 35. Rxf1 Qg5 36. g3 Bd2 37. Kg2 c3 38. gxh4 Qf4 39. Nf6+ Rxf6 40. exf6 cxb2 41. Rd1 Bxb4 42. Qxb2 Bd6 43.
Kh1 Qxf3+ 0-1

[Event "*** Titled Tuesday Blitz"]
[Site "Chess.com"]
[Date "2020.04.14"]
[Round "9"]
[White "1stSecond"]
[Black "AustrianFalcon"]
[Result "0-1"]
[WhiteElo "2688"]
[BlackElo "2583"]
[TimeControl "180+1"]
[EndTime "11:42:24 PDT"]
[Termination "AustrianFalcon won by resignation"]

1. e4 c5 2. Nf3 d6 3. Bb5+ Nd7 4.
O-O a6 5. Bd3 Ngf6 6. Re1 e6 7.
a4 b6 8. c3 Bb7 9. Bc2 g6 10.
d4 Bg7 11. Bf4 cxd4 12. cxd4 Qe7 13. Nbd2 Rc8 14. Bd3 Nh5 15. Bg5 Bf6 16. Be3 O-O 17. Qb3 Bg7 18. Nc4 d5 19. exd5 Bxd5 20. Nfd2 f5 21.
f3 Rb8 22. Qa3 Qh4 23. Bf2 Qg5 24. h4 Qd8 25. Qd6 Rc8 26. Rxe6 Bxe6 27. Qxe6+ Kh8 28.
Nd6 Nf4 29. Nf7+ Rxf7 30. Qxf7 Nxd3 31. h5 Nf8 32. Be3 Bxd4 33. Qe6 f4 0-1

[Event "*** Titled Tuesday Blitz"]
[Site "Chess.com"]
[Date "2020.04.14"]
[Round "9"]
[White "Witik"]
[Black "IljaZaragatski"]
[Result "0-1"]
[WhiteElo "2694"]
[BlackElo "2576"]
[TimeControl "180+1"]
[EndTime "11:42:25 PDT"]
[Termination "IljaZaragatski won by resignation"]

1. d4 Nf6 2. c4 c5 3. d5 b5 4. Nf3 Bb7 5. a4 Qa5+ 6. Bd2 b4 7. Qc2 g6 8. e4 d6 9. Be2 Nbd7 10. O-O Bg7 11. h3 O-O 12. Bf4 Qc7 13. Nbd2 e5 14. Bg5 Nh5 15. Rfe1 Nf4 16. Bf1 Rae8 17. g3 Nh5 18.
Bd3 Bc8 19. Kg2 Kh8 20. Nf1 Ndf6 21. Bd2 Ng8 22. Ne3 Bh6 23. Nh4 Qd8 24. Ng4 Bxd2 25. Qxd2 Ng7 26. Nh6 f5 27. Nxg8 Kxg8 28. exf5 gxf5 29.
f4 Qf6 30. b3 e4 31. Bf1 Bd7 32. Kh2 Re7 33. Ng2 Nh5 34. Ne3 Rg7 35. Be2 Nxg3 36. Rg1 Qh4 37. Ng2 Qh6 38. Qe3 Nxe2 39. Qxe2 Kh8 40.
Qf2 Rg4 41. Ne3 Qxf4+ 42. Qxf4 Rxf4 43. Kg3 Rf3+ 0-1

[Event "*** Titled Tuesday Blitz"]
[Site "Chess.com"]
[Date "2020.04.14"]
[Round "9"]
[White "nfds"]
[Black "eightbyeightchess"]
[Result "0-1"]
[WhiteElo "2558"]
[BlackElo "2423"]
[TimeControl "180+1"]
[EndTime "11:42:25 PDT"]
[Termination "eightbyeightchess won on time"]

1. Nf3 d5 2. c4 c6 3. e3 Nf6 4.
Nc3 Bg4 5. Qb3 Bxf3 6. Qxb7 Nbd7 7. gxf3 e6 8. Qxc6 Rc8 9. Qa4 dxc4 10. Bxc4 Bd6 11.
Be2 O-O 12. d4 Nd5 13. Nxd5 exd5 14. O-O Qg5+ 15. Kh1 Qh5 16. f4 Qxe2 17. Bd2 Nf6 18. Qd1 Qxd1 19. Raxd1 Rc2 20. Bc1 Rfc8 21. f3 Re2 22.
Rfe1 Rcc2 23. Rxe2 Rxe2 24. Bd2 g5 25. fxg5 Nh5 26. f4 Ng7 27. Kg1 Nf5 28. a3 Nxe3 29. Bxe3 Rxe3 30. f5 Kg7 31. Rd2 Bf4 32. Rc2 Bxg5 33.
Rg2 Kf6 34. Kf2 Rd3 35. Rg1 Be3+ 0-1

[Event "*** Titled Tuesday Blitz"]
[Site "Chess.com"]
[Date "2020.04.14"]
[Round "9"]
[White "Perimir"]
[Black "KacperPolOK"]
[Result "1-0"]
[WhiteElo "2430"]
[BlackElo "2250"]
[TimeControl "180+1"]
[EndTime "11:42:25 PDT"]
[Termination "Perimir won by checkmate"]

1. e4 e6 2. d4 d5 3. Nc3 Nf6 4. Bg5 Bb4 5. e5 h6 6. Bd2 Bxc3 7.
bxc3 Ne4 8. Qg4 Kf8 9. Bd3 Nxd2 10. Kxd2 c5 11. h4 c4 12. Be2 Nc6 13. Rh3 b5 14. Rg3 Rg8 15. Qf4 a5 16. a3 Rb8 17. Bh5 Qe7 18. Rf3 Rb7 19. g4 Ke8 20. g5 g6 21.
Bg4 h5 22. Bh3 b4 23. axb4 axb4 24. Ne2 bxc3+ 25. Nxc3 Qb4 26. Ra8 Kd8 27. Qf6+ Qe7 28. Nxd5 Qxf6 29. Nxf6 Nxd4 30. Rf4 Rf8 31. Rxd4+ Ke7 32. Bg2 Rb1 33. Rxc4 Bd7 34. Rxf8 Kxf8 35. Nxd7+ Ke7 36. Nf6 Rg1 37. Rc7+ Kd8 38. Rd7+ Kc8 39. Bb7+ Kb8 40. Bc6 Rf1 41. Ne8 Rxf2+ 42. Ke3 Rxc2 43. Rb7+ Kc8 44. Nd6+ Kd8 45. Rd7# 1-0

[Event "*** Titled Tuesday Blitz"]
[Site "Chess.com"]
[Date "2020.04.14"]
[Round "9"]
[White "GodDMuhammad"]
[Black "GM-2023"]
[Result "1-0"]
[WhiteElo "2239"]
[BlackElo "2084"]
[TimeControl "180+1"]
[EndTime "11:42:25 PDT"]
[Termination "GodDMuhammad won on time"]

1. e4 e5 2. f4 exf4 3. Nf3 g5 4. Bc4 Bg7 5. d4 d6 6. O-O h6 7. c3 Nc6 8. b4 a6 9. Qb3 Qe7 10. a4 Nf6 11. Nbd2 O-O 12. Bb2 Ng4 13. Rae1 Ne3 14. Rf2 g4 15. d5 gxf3 16. dxc6 Nxg2 17. Rc1 bxc6 18. Nxf3 Nh4 19. Qc2 Bh3 20. Bf1 Be6 21. c4 f6 22. Nxh4 Kf7 23. Nf5 Qe8 24. Bh3 Bxf5 25. Bxf5 Ke7 26. Qd2 Rg8 27. Qxf4 h5 28. Kh1 Kd8 29. Bh3 Ke7 30. Rg1 Qf7 31. c5 Bh6 32. Qf5 Rxg1+ 33. Kxg1 Be3 34. cxd6+ cxd6 35. Qd7+ Kf8 36. Qxd6+ Kg8 37. Be6 Bxf2+ 38. Kxf2 1-0

[Event "*** Titled Tuesday Blitz"]
[Site "Chess.com"]
[Date "2020.04.14"]
[Round "9"]
[White "SlavenPastar"]
[Black "Disturbed01"]
[Result "0-1"]
[WhiteElo "2416"]
[BlackElo "2649"]
[TimeControl "180+1"]
[EndTime "11:42:26 PDT"]
[Termination "Disturbed01 won on time"]

1. d4 Nf6 2. c4 g6 3. Nc3 Bg7 4. Bg5 O-O 5. e3 h6 6. Bh4 c5 7. d5 Qa5 8. Bd3 d6 9. Nf3 b5 10. O-O bxc4 11. Bxc4 Nbd7 12. e4 Rb8 13. Rb1 Rb4 14.
Bd3 Ba6 15. Bxa6 Qxa6 16. a3 Rb6 17. Re1 Rfb8 18. Qc2 Rb3 19. Nd2 R3b7 20. Nf3 g5 21. Bg3 Ng4 22. Nd2 Nge5 23. Re3 Nc4 24. Nxc4 Qxc4 25. h4 Rb3 26. hxg5 hxg5 27. e5 Nxe5 28. Qf5 Ng6 29. Rc1 Rxb2 30. Qxg5 Qd4 31. Rf3 Qd2 32. Qxd2 Rxd2 33. Ne4 Rxd5 34. Re1 c4 35. Nc3 Rd3 0-1

[Event "*** Titled Tuesday Blitz"]
[Site "Chess.com"]
[Date "2020.04.14"]
[Round "9"]
[White "korbul"]
[Black "Filip_Covic"]
[Result "1-0"]
[WhiteElo "2524"]
[BlackElo "2322"]
[TimeControl "180+1"]
[EndTime "11:42:26 PDT"]
[Termination "korbul won by resignation"]

1. d4 Nf6 2. c4 e6 3. Nf3 Bb4+ 4. Nbd2 b6 5. a3 Bxd2+ 6. Bxd2 O-O 7. Bg5 Bb7 8. e3 a5 9. b3 d6 10. Be2 Nbd7 11.
O-O h6 12. Bh4 Qe7 13. Rc1 e5 14. d5 Rfe8 15. Nd2 Nf8 16. f3 g5 17. Bf2 Ng6 18.
Qc2 Kg7 19. b4 axb4 20. axb4 Ra7 21. Ra1 Rea8 22. Qb2 Qd8 23. Rfc1 Rxa1 24. Rxa1 Rxa1+ 25. Qxa1 Qa8 26. Qxa8 Bxa8 27. b5 Nd7 28. Nb1 f5 29. Nc3 Kf6 30. Na2 Nb8 31. Nb4 Ne7 32. Be1 Kf7 33. Bc3 Ke8 34. f4 exf4 35. exf4 g4 36.
h3 h5 37. Kf2 Kf7 38. hxg4 hxg4 39. Kg3 Ng6 40. Bd3 Ne7 41. Kh4 Kg6 42. Nc2 Bb7 43.
Ne3 Bc8 44. Nxg4 Nd7 45. Ne3 Nf6 46. g4 Ne4 47. Bxe4 fxe4 48. f5+ Kf7 49. Kg5 Ng8 50. Bd4 Ne7 51. Ng2 Bd7 52. Nf4 Be8 53. Ne6 Bd7 54.
Nxc7 1-0

[Event "*** Titled Tuesday Blitz"]
[Site "Chess.com"]
[Date "2020.04.14"]
[Round "9"]
[White "VolodymyrMolyboha"]
[Black "Alkhoori90"]
[Result "1-0"]
[WhiteElo "2453"]
[BlackElo "2093"]
[TimeControl "180+1"]
[EndTime "11:42:26 PDT"]
[Termination "VolodymyrMolyboha won by resignation"]

1. e4 d5 2. e5 c5 3. d4 cxd4 4. Qxd4 Nc6 5. Bb5 e6 6. c4 Qa5+ 7. Nc3 Bb4 8. Bxc6+ bxc6 9. cxd5 cxd5 10. Bd2 Ne7 11. a3 Ba6 12. Qxb4 Qc7 13. Qa4+ Nc6 14. Qxa6 Qxe5+ 15. Qe2 Qc7 16. Nf3 O-O 17. O-O Rab8 18. b4 Rfd8 19. Rac1 Qd6 20. Nb5 Qd7 21. Nbd4 Ne7 22.
Bf4 Ra8 23. Ne5 Qa4 24. Rfe1 Rf8 25. Rc3 a5 26. Qc2 axb4 27. Qxa4 Rxa4 28. axb4 Rxb4 29. Be3 f6 30. Nxe6 fxe5 31. Nxf8 d4 32. Rc7 Nd5 33. Rc8 dxe3 34. fxe3 Ne7 35. Ra8 Nd5 36. Rf1 h6 37. h4 Nxe3 38. Ng6+ Kh7 39. h5 1-0

[Event "*** Titled Tuesday Blitz"]
[Site "Chess.com"]
[Date "2020.04.14"]
[Round "9"]
[White "tamarozi99"]
[Black "IngOscarArdila"]
[Result "1-0"]
[WhiteElo "1960"]
[BlackElo "2064"]
[TimeControl "180+1"]
[EndTime "11:42:26 PDT"]
[Termination "tamarozi99 won by resignation"]

1. e4 e5 2. Nf3 Nf6 3. Nxe5 d6 4. Nf3 Nxe4 5. Nc3 Nxc3 6. dxc3 Be7 7. Bf4 O-O 8. Qd2 Nd7 9. O-O-O Nf6 10. h3 c5 11.
g4 Qa5 12. Kb1 Be6 13. c4 Qa4 14. b3 Qa3 15. Qc3 Ne4 16. Qe3 Bf6 17. Be5 Bxe5 18.
Nxe5 Nxf2 19. Qxf2 dxe5 20. Bd3 Rad8 21. Qe3 f6 22. Qe4 g6 23. h4 Rd6 24. Rh2 Rd4 25.
Qxb7 Bxg4 26. Rg1 e4 27. Bxe4 Rfd8 28. Bd5+ Kh8 29. h5 g5 30. h6 Bd7 31. Qc7 1-0

[Event "*** Titled Tuesday Blitz"]
[Site "Chess.com"]
[Date "2020.04.14"]
[Round "9"]
[White "kungmongmanh"]
[Black "Zubrrr"]
[Result "0-1"]
[WhiteElo "2583"]
[BlackElo "2718"]
[TimeControl "180+1"]
[EndTime "11:42:27 PDT"]
[Termination "Zubrrr won by resignation"]

1. d4 d5 2. c4 dxc4 3. Nc3 c5 4. d5 e6 5. e4 exd5 6. Qxd5 Qxd5 7.
Nxd5 Bd6 8. Bxc4 Ne7 9. Nxe7 Kxe7 10. Ne2 Nc6 11. Bf4 Rd8 12. O-O Be6 13. Bxe6 Kxe6 14. Rfe1 Nb4 15. Bxd6 Rxd6 16. Rec1 Rad8 17. g3 Nd3 18.
Rc2 f5 19. exf5+ Kxf5 20. Kg2 b6 21. a3 g5 22. h3 h5 23. Nc3 Re6 24. Rd1 Ne1+ 25.
Rxe1 Rxe1 26. Nb5 g4 27. hxg4+ hxg4 28. Rc4 Rdd1 29. Rf4+ Kg5 0-1

[Event "*** Titled Tuesday Blitz"]
[Site "Chess.com"]
[Date "2020.04.14"]
[Round "9"]
[White "WeAintSurePal"]
[Black "SARGISMV"]
[Result "0-1"]
[WhiteElo "2320"]
[BlackElo "2469"]
[TimeControl "180+1"]
[EndTime "11:42:27 PDT"]
[Termination "SARGISMV won by checkmate"]

1. d4 Nf6 2. Bf4 g6 3. Nc3 Bg7 4. Qd2 c5 5. dxc5 Na6 6. O-O-O Nxc5 7. f3 d6 8. e4 a6 9. g4 Qa5 10. Kb1 Be6 11. Nge2 b5 12. Nc1 Rc8 13. h4 b4 14.
Nd5 Bxd5 15. exd5 Na4 16. Nb3 Qb6 17. Bh6 Bxh6 18. Qxh6 Qf2 19. Bd3 Qxf3 20. Rhf1 Qxg4 21. Rde1 Nxd5 22. Bxa6 Nac3+ 23. bxc3 Nxc3+ 24. Ka1 Ra8 25. Qe3 O-O 26. Qb6 Rfb8 27. Qc7 Rxa6 28. Qxb8+ Kg7 29. Nc1 Qd4 30. Rf4 Qxf4 31. Rxe7 Qxc1# 0-1

[Event "*** Titled Tuesday Blitz"]
[Site "Chess.com"]
[Date "2020.04.14"]
[Round "9"]
[White "MrTattaglia"]
[Black "hedgehog280"]
[Result "1-0"]
[WhiteElo "2852"]
[BlackElo "2667"]
[TimeControl "180+1"]
[EndTime "11:42:28 PDT"]
[Termination "MrTattaglia won by resignation"]

1. Nf3 c5 2. g3 g6 3. Bg2 Bg7 4. O-O e6 5. c4 Ne7 6. Nc3 Nbc6 7.
e3 O-O 8. d4 cxd4 9. exd4 d5 10. c5 Nf5 11. Ne2 b6 12. Rb1 bxc5 13. dxc5 a5 14.
b3 Ba6 15. Re1 e5 16. Bb2 d4 17. Nh4 Nxh4 18. Bxc6 Rc8 19. Bh1 Nf5 20. Nc1 d3 21.
Re4 d2 22. Ne2 Bd3 23. Nc3 Bxb1 24. Nxb1 Rxc5 25. Ba3 Rc7 26. Bf3 Nd4 27. Bg2 f5 28.
Re3 Re8 29. Nxd2 Nc2 30. Bc1 Nxe3 31. fxe3 e4 32. Bf1 Bh6 33. Bc4+ Rxc4 34. Nxc4 Bxe3+ 35. Nxe3 Qb6 36. Qd5+ Qe6 37. Qxa5 Rc8 38. Bb2 Re8 39. Qa7 Re7 40. Qd4 Kf7 41. Nd5 Rd7 42. Qg7+ Ke8 43.
Nf6+ 1-0

[Event "*** Titled Tuesday Blitz"]
[Site "Chess.com"]
[Date "2020.04.14"]
[Round "9"]
[White "BAS8892"]
[Black "PotapovaM"]
[Result "1-0"]
[WhiteElo "2665"]
[BlackElo "2527"]
[TimeControl "180+1"]
[EndTime "11:42:29 PDT"]
[Termination "BAS8892 won by resignation"]

1. d4 Nf6 2. Bf4 g6 3. Nc3 d5 4. e3 Bg7 5. h4 h6 6. Nf3 Bg4 7. Qd2 Bxf3 8. gxf3 c6 9. O-O-O Nbd7 10. Bd3 Qa5 11.
Rdg1 O-O-O 12. Kb1 Rhe8 13. Be5 Nxe5 14. dxe5 Nd7 15.
f4 Nc5 16. h5 d4 17. exd4 Na4 18. hxg6 Qb4 19. Qc1 Nxc3+ 20. Ka1 Na4 21. c3 Qa5 22. gxf7 Bf8 23. fxe8=Q Rxe8 24. Bc2 Nb6 25. Bb3 e6 26. Rg6 Kd7 27. f5 exf5 28. Qf4 Kd8 29. Qxf5 Be7 30. Rgxh6 Nd5 31. Rh8 Rxh8 32. Rxh8+ Kc7 33. Rh7 Kb6 34.
Bxd5 Ba3 35. Rxb7+ Ka6 36. Qd3+ Kxb7 37. Bb3 Be7 38.
f4 Qc7 39. f5 Qd7 40. f6 Bd8 41. a3 Qg4 42. Ka2 Qf4 43. Ba4 Kc7 44. Qc4 Qf3 45.
Bxc6 Qxc6 46. Qxc6+ Kxc6 47. c4 Bc7 48. b4 Bb6 49. f7 1-0

[Event "*** Titled Tuesday Blitz"]
[Site "Chess.com"]
[Date "2020.04.14"]
[Round "9"]
[White "EndgameGrinder"]
[Black "Bambi2006"]
[Result "0-1"]
[WhiteElo "2686"]
[BlackElo "2479"]
[TimeControl "180+1"]
[EndTime "11:42:30 PDT"]
[Termination "Bambi2006 won by resignation"]

1. d4 Nf6 2. Nf3 e6 3. Bg5 Be7 4. Nbd2 b6 5. e4 h6 6. Bh4 Bb7 7. Bd3 d6 8. Qe2 O-O 9. O-O-O c5 10. Rhg1 Nbd7 11. g4 cxd4 12. Nxd4 Nc5 13. g5 Nxd3+ 14. Qxd3 Nh5 15. Qf3 g6 16. gxh6 Bxh4 17. Qxh5 Qe7 18. Qe2 Kh7 19. f4 e5 20. fxe5 dxe5 21. N4f3 Rad8 22.
Kb1 Bc8 23. Nc4 Ba6 24. b3 Bf6 25. Nfd2 Kxh6 26. Qf3 Bxc4 27. Nxc4 Rxd1+ 28. Rxd1 Bg5 29. Rd5 Bf4 30. a4 Kg7 31. Qd3 Bxh2 32. Rd7 Qg5 33. Rxa7 b5 34. Ne3 Bg1 35. axb5 Qxe3 36. Qxe3 Bxe3 37.
Rd7 Bd4 38. c4 g5 39. b4 g4 40. b6 g3 41. Ra7 Bxb6 42. Ra2 Bf2 0-1

[Event "*** Titled Tuesday Blitz"]
[Site "Chess.com"]
[Date "2020.04.14"]
[Round "9"]
[White "mphofmann"]
[Black "ChesterF"]
[Result "0-1"]
[WhiteElo "2284"]
[BlackElo "2505"]
[TimeControl "180+1"]
[EndTime "11:42:30 PDT"]
[Termination "ChesterF won on time"]

1. b3 d5 2. Bb2 Bf5 3. e3 e6 4. h3 Nf6 5. d3 h6 6. g4 Bh7 7. Bg2 Bd6 8. Nf3 Nbd7 9. Nbd2 e5 10. Qe2 Qe7 11. g5 hxg5 12. Nxg5 Bg6 13. e4 Nh5 14. h4 Nf4 15. Qf3 d4 16. Qg3 O-O-O 17. Bf3 Kb8 18. O-O-O Bh5 19. Kb1 Bxf3 20. Ndxf3 f6 21.
Nh3 Ne2 22. Qg4 Nc3+ 23. Ka1 Ba3 24. Nd2 Bxb2+ 25. Kxb2 Nb6 26. Rdg1 Rhg8 27. a3 Qc5 28. Nb1 a5 29. f4 a4 30. b4 Qb5 31. Nxc3 dxc3+ 32. Ka2 c5 33. Rb1 c4 0-1

[Event "*** Titled Tuesday Blitz"]
[Site "Chess.com"]
[Date "2020.04.14"]
[Round "9"]
[White "DanielRensch"]
[Black "JMatias"]
[Result "1-0"]
[WhiteElo "2542"]
[BlackElo "2372"]
[TimeControl "180+1"]
[EndTime "11:42:32 PDT"]
[Termination "DanielRensch won by resignation"]

1. e4 d6 2. d4 g6 3. Nc3 Bg7 4. Bg5 Nd7 5. Qd2 c6 6. f4 b5 7. Nf3 Qb6 8. e5 f6 9. Bh4 Nh6 10. exd6 exd6 11. Ne4 Nf5 12. Bf2 Qc7 13. d5 cxd5 14.
Nc3 Nb6 15. Bxb5+ Kf7 16. O-O Bb7 17. Nd4 Nxd4 18. Bxd4 Nc4 19. Qf2 a6 20. Ba4 Nxb2 21. Bb3 Nc4 22. f5 g5 23. Qf3 Qc6 24. Qh5+ Kf8 25. Rfe1 Qc7 26. Re6 Qf7 27. Qe2 Ne5 28. Nxd5 Rd8 29. Re7 Bxd5 30. Rxf7+ Bxf7 31. Bxe5 dxe5 32. Qxa6 g4 33. Bxf7 Kxf7 34. Qe6+ Kf8 35. Rb1 Re8 36. Qd6+ Kg8 37. Rb7 h5 38. Qd7 1-0

[Event "*** Titled Tuesday Blitz"]
[Site "Chess.com"]
[Date "2020.04.14"]
[Round "9"]
[White "dukicz123"]
[Black "Colombiano07"]
[Result "1-0"]
[WhiteElo "2535"]
[BlackElo "2301"]
[TimeControl "180+1"]
[EndTime "11:42:33 PDT"]
[Termination "dukicz123 won by checkmate"]

1. e4 e6 2. d4 d5 3. Nc3 Bb4 4. e5 Ne7 5. a3 Bxc3+ 6. bxc3 c5 7. Qg4 O-O 8. Bd3 Nbc6 9. Qh5 Ng6 10. Nf3 c4 11.
Bxg6 fxg6 12. Qg4 Bd7 13. h4 Rf5 14. Ng5 Qe7 15. a4 h6 16. Nh3 Qf7 17. Ba3 Ne7 18.
Bxe7 Qxe7 19. O-O Qf7 20. a5 a6 21. Rab1 Ba4 22. Rb6 Bxc2 23. f3 Bd3 24. Rf2 Kh7 25. Rfb2 Rb8 26. Rxa6 bxa6 27. Rxb8 Qc7 28. Rb6 Qd7 29.
Nf4 Rxf4 30. Qxf4 h5 31. Qf8 g5 32. hxg5 Kg6 33. Rd6 Qa4 34. Rxe6+ Kxg5 35. Qxg7+ Kf4 36. Qh6+ Kg3 37. Qg5# 1-0

[Event "*** Titled Tuesday Blitz"]
[Site "Chess.com"]
[Date "2020.04.14"]
[Round "9"]
[White "Vesper2018"]
[Black "Gareth-Bale11"]
[Result "1-0"]
[WhiteElo "1909"]
[BlackElo "2758"]
[TimeControl "180+1"]
[EndTime "11:42:34 PDT"]
[Termination "Vesper2018 won by resignation"]

1. e4 c5 2. Nf3 Nc6 3. d4 cxd4 4. Nxd4 e5 5. Nb5 d6 6. N1c3 a6 7. Na3 b5 8. Nd5 Nf6 9. Bd3 Nxd5 10. exd5 Nd4 11.
c3 Nf5 12. O-O h5 13. c4 g6 14. cxb5 Bg7 15. bxa6 O-O 16. Nb5 Bxa6 17. a4 Re8 18. Bxf5 Bxb5 19. Bd3 Bd7 20. Qb3 e4 21. Bb5 Bxb5 22. Qxb5 Be5 23. Qe2 Qd7 24. a5 Reb8 25.
Ra2 Qb5 26. Qxb5 Rxb5 27. a6 Rxd5 28. Be3 Rb5 29. a7 d5 30. Rd1 Kg7 31. g3 h4 32. Kg2 Kf6 33. b4 Ke6 34. Ra6+ Kd7 35. Bc5 d4 36. Bxd4 Bxd4 37. Rxd4+ Kc7 38. Rxe4 hxg3 39. Re7+ Kd8 40. Rxf7 Rf5 41. Rxf5 gxf5 42. Rh6 1-0

[Event "*** Titled Tuesday Blitz"]
[Site "Chess.com"]
[Date "2020.04.14"]
[Round "9"]
[White "davigator"]
[Black "HElissalt"]
[Result "1-0"]
[WhiteElo "2349"]
[BlackElo "2162"]
[TimeControl "180+1"]
[EndTime "11:42:35 PDT"]
[Termination "davigator won on time"]

1. e4 d6 2. d4 Nf6 3. Nc3 e5 4. Nf3 Nbd7 5. Bc4 Be7 6. O-O O-O 7. Re1 c6 8. a4 b6 9. Bg5 a6 10. h3 Qc7 11. Qd2 Rb8 12. Bf1 b5 13. a5 b4 14.
Nd1 Re8 15. b3 Bf8 16. Bd3 d5 17. exd5 e4 18. dxc6 Qxc6 19. Ne5 Nxe5 20. dxe5 Rxe5 21. Bc4 Bb7 22. Bf4 e3 23. Nxe3 Rxe3 24. fxe3 Rd8 25. Qe2 Ne4 26. Qf3 Qg6 27. Qg4 Qf6 28. Rf1 Nd2 29.
Bg5 Qe5 30. Bxf7+ Kh8 31. Bxd8 Qxe3+ 32. Kh1 Ne4 33. Bc7 Nf2+ 34. Rxf2 Qxf2 35. Bc4 1-0

[Event "*** Titled Tuesday Blitz"]
[Site "Chess.com"]
[Date "2020.04.14"]
[Round "9"]
[White "Morshynska"]
[Black "goldenspine"]
[Result "0-1"]
[WhiteElo "2138"]
[BlackElo "2315"]
[TimeControl "180+1"]
[EndTime "11:42:35 PDT"]
[Termination "goldenspine won by resignation"]

1. d4 Nf6 2. c4 e6 3. Nf3 d5 4. e3 Be7 5. Nc3 O-O 6. Bd3 dxc4 7. Bxc4 a6 8. a4 c5 9. O-O Nc6 10. dxc5 Bxc5 11. Qe2 b6 12. e4 Bb7 13. Bg5 Nd4 14. Nxd4 Qxd4 15. Rad1 Qe5 16. Bxf6 Qxf6 17. Kh1 Bd4 18.
Rd3 Rac8 19. Rf3 Qe5 20. Bxa6 Bxa6 21. Qxa6 Ra8 22. Qb5 Bxc3 23. bxc3 Qxe4 24. h3 Rxa4 25. Qxb6 Rc4 26. Qe3 Qc6 27. Rd1 Rc8 28. Rd3 h6 29.
g4 Rb8 30. Kh2 Rb2 31. Qe1 Ra4 32. Rd8+ Kh7 33. Rd4 Rxd4 34. cxd4 Qxf3 35. Kg1 Qb7 0-1

[Event "*** Titled Tuesday Blitz"]
[Site "Chess.com"]
[Date "2020.04.14"]
[Round "9"]
[White "Chessalary"]
[Black "Rish_97"]
[Result "0-1"]
[WhiteElo "2327"]
[BlackElo "2608"]
[TimeControl "180+1"]
[EndTime "11:42:36 PDT"]
[Termination "Rish_97 won by checkmate"]

1. e4 c5 2. Nf3 Nc6 3. d4 cxd4 4.
Nxd4 Nf6 5. Nc3 e5 6. Ndb5 d6 7. Bg5 a6 8. Na3 b5 9. Nd5 Be7 10. Bxf6 Bxf6 11. c3 Ne7 12. Nxf6+ gxf6 13. Nc2 Bb7 14. Bd3 d5 15. exd5 Qxd5 16. Ne3 Qe6 17. Qb3 O-O-O 18. O-O-O Kb8 19. Rhe1 f5 20. f4 exf4 21.
Nxf5 Qxb3 22. axb3 Nxf5 23. Bxf5 Bxg2 24. Re7 f3 25.
Rxf7 Rxd1+ 26. Kxd1 f2 27. Bh3 Bxh3 28. Rxf2 Be6 29.
Kc1 Rg8 30. Kc2 Bd5 31. b4 Rg2 32. Rxg2 Bxg2 33. Kd3 Kc7 34. Kd4 Kd6 35. Ke3 Ke5 36. h4 h5 37. Kd3 Bd5 38. Ke3 Bc4 39. Kf3 Kf5 40. Ke3 Kg4 41. Kd4 Kxh4 42. Kc5 Kg3 43. Kb6 h4 44. Kxa6 h3 45. b3 Bxb3 46. Kxb5 h2 47. c4 h1=Q 48. c5 Qb7+ 49. Ka5 Bc4 50. Ka4 Qa6# 0-1

[Event "*** Titled Tuesday Blitz"]
[Site "Chess.com"]
[Date "2020.04.14"]
[Round "9"]
[White "JakeCarlosBanawa"]
[Black "manuellarrea"]
[Result "1-0"]
[WhiteElo "2344"]
[BlackElo "2123"]
[TimeControl "180+1"]
[EndTime "11:42:36 PDT"]
[Termination "JakeCarlosBanawa won on time"]

1. d4 Nf6 2. c4 e6 3. Nc3 d5 4.
cxd5 exd5 5. Bg5 c6 6. e3 Bd6 7. Bd3 Nbd7 8. Qc2 Nf8 9. Bh4 Ng6 10. Bg3 O-O 11. Nge2 Re8 12. O-O Bxg3 13. Nxg3 Nh4 14. b4 a6 15. a4 Be6 16. b5 axb5 17. axb5 Rxa1 18. Rxa1 Qd7 19. bxc6 bxc6 20. Na4 Ra8 21. Qb2 Qa7 22. Ra2 g6 23. Qc1 Qa5 24. Nc3 Qd8 25. Rb2 Nd7 26. Nce2 Qa5 27. h3 Rc8 28. Rc2 Qb6 29.
Nf4 Nf5 30. Nxf5 Bxf5 31. Bxf5 gxf5 32. Nxd5 1-0

[Event "*** Titled Tuesday Blitz"]
[Site "Chess.com"]
[Date "2020.04.14"]
[Round "9"]
[White "artichaud"]
[Black "HashtagChess"]
[Result "1-0"]
[WhiteElo "2209"]
[BlackElo "1652"]
[TimeControl "180+1"]
[EndTime "11:42:36 PDT"]
[Termination "artichaud won by resignation"]

1. e4 c6 2. d4 d5 3. Nd2 dxe4 4. Nxe4 Nd7 5. Bc4 Ngf6 6. Nxf6+ Nxf6 7. c3 e6 8. Nf3 Bd6 9. O-O O-O 10. Qe2 b5 11.
Bd3 a6 12. Bg5 Bb7 13. Rad1 Be7 14. Ne5 Qc7 15. Rfe1 Rad8 16. Bc2 Nd5 17. Bc1 c5 18. Rd3 cxd4 19. Rxd4 Bf6 20. Rdd1 Ba8 21. Ng4 Qb7 22. Qe4 g6 23. Nxf6+ Nxf6 24. Qxb7 Bxb7 25. Bh6 Rfe8 26. f3 Nd5 27. Kf2 f5 28. Bg5 Kf7 29. Bxd8 Rxd8 30. Bb3 Ne7 31. Rxd8 1-0